 Dungeon Crawl Stone Soup version 0.25-a0-890-g62861fb (webtiles) character file.

Game seed: 16230488583972703331, levelgen mode: deterministic

5260 BlueFish the Martial Artist (level 10, -3/65 HPs)
             Began as an Octopode Transmuter on May 3, 2020.
             Was a High Priest of Cheibriados.
             Splashed by an acid dragon's acid (12 damage)
             ... on level 11 of the Dungeon on May 4, 2020.
             The game lasted 00:28:26 (9335 turns).

BlueFish the Martial Artist (Octopode Transmuter)   Turns: 9335, Time: 00:28:27

Health: -3/65      AC: -2    Str: 24    XL:     10   Next: 62%
Magic:  0/16       EV: 27    Int: 31    God:    Cheibriados [*****.]
Gold:   393        SH:  0    Dex: 32    Spells: 6/17 levels left

rFire    . . .     SeeInvis .     - Unarmed
rCold    . . .     Gourm    .   (shield currently unavailable)
rNeg     . . .     Faith    .   (helmet currently unavailable)
rPois    x         Spirit   +   e - amulet of guardian spirit
rElec    .         Reflect  .   i - +2 ring of intelligence
rCorr    .         Harm     .   b - +3 ring of dexterity
MR       .....                  (no ring)
Stlth    +++++.....             (no ring)
HPRegen  0.20/turn              (no ring)
MPRegen  0.15/turn              (no ring)
                                (no ring)
                                (no ring)

@: about to teleport, spider-form, corroded, very slow
A: tiny, almost no armour, stealthy swim, (amphibious), 8 rings, (constrict 8)
a: End Transformation, Bend Time, Temporal Distortion, Slouch, Step From Time,
Renounce Religion


You were on level 11 of the Dungeon.
You worshipped Cheibriados.
Cheibriados was extremely pleased with you.
You were not hungry.
You were a venomous arachnid creature.
You visited 2 branches of the dungeon, and saw 12 of its levels.
You also visited: Sewer.

You collected 393 gold pieces.

Inventory:

Missiles
 a - 99 arrows
Jewellery
 b - a +3 ring of dexterity (right front leg)
 e - an amulet of guardian spirit (around neck)
 i - a +2 ring of intelligence (left front leg)
 u - a +5 ring of strength {unknown}
Wands
 j - a wand of paralysis (16)
 m - a wand of polymorph (10)
Scrolls
 o - 4 scrolls of teleportation
 q - 3 scrolls of magic mapping
 r - a scroll of fog
 s - 2 scrolls of enchant weapon
Potions
 d - 4 potions of flight
 f - 7 potions of haste
 g - 2 potions of brilliance
 h - 4 potions of ambrosia
 k - 6 potions of curing
 l - 2 potions of lignification
 t - a potion of cancellation {unknown}
 v - 2 potions of might
 x - a potion of berserk rage {unknown}
Comestibles
 c - 13 rations
 p - 3 chunks of flesh


   Skills:
 * Level 4.8 Fighting
 * Level 5.2 Dodging
 * Level 7.5 Stealth
 * Level 9.0 Unarmed Combat
 + Level 4.4 Spellcasting
 * Level 5.8 Transmutations
 + Level 5.5 Poison Magic
 * Level 4.3 Invocations


You had 6 spell levels left.
You knew the following spells:

 Your Spells              Type           Power        Failure   Level  Hunger
a - Beastly Appendage     Tmut           #####.       3%          1    None
b - Sticks to Snakes      Tmut           #####...     4%          2    None
c - Spider Form           Tmut/Pois      #####.....   7%          3    #......
d - Blade Hands           Tmut           #####.....   32%         5    #####..

Your spell library contained the following spells:

 Spells                   Type           Power        Failure   Level  Hunger
 Ice Form                 Ice/Tmut       ####....     36%         4    ###....
 Bolt of Magma            Conj/Fire/Erth #.........   95%         5    #####..
 Iskenderun's Battlesphe  Conj/Chrm      #.......     95%         5    #####..
 Iron Shot                Conj/Erth      #.........   100%        6    ######.
 Orb of Destruction       Conj           #.........   100%        7    #######
 Spellforged Servitor     Conj/Summ      #.........   100%        7    #######


Dungeon Overview and Level Annotations

Branches:
Dungeon (12/15)            Temple (1/1) D:4            Lair (0/6) D:8
  Sewer (visited)
    Orc: D:9-12

Altars:
Ashenzari
Cheibriados
Dithmenos
Elyvilon
Fedhas
Gozag
Hepliaklqana
Kikubaaqudgha
Makhleb
Nemelex Xobeh
Okawaru
Qazlal
Ru
Sif Muna
Trog
Uskayaw
Vehumet
Wu Jian
Xom
Yredelemnul
Zin
The Shining One

Shops:
D:6 }   D:7 =

Annotations:
D:2 exclusion: oklob plant
D:6 2 transporters, XxsatanxX's ghost, novice MfSk


Innate Abilities, Weirdness & Mutations

You cannot wear most types of armour.
You are very stealthy in the water. (Stealth+)
((You are amphibious.))
You can wear up to eight rings at the same time.
((You can use your tentacles to constrict eight enemies at once.))
((Your skin changes colour to match your surroundings (Stealth+).))
((Your rubbery body absorbs attacks. (AC +1, EV +1)))


Message History

The vampire mosquito draws strength from your injuries!
The vampire mosquito completely misses you.
Your adder bites the vampire mosquito.
The vampire mosquito completely misses you.
The acid dragon completely misses you. The acid dragon misses you.
The vampire mosquito bites your adder.
Your adder barely misses the vampire mosquito.
The vampire mosquito barely misses you.
You closely miss the acid dragon.
The acid dragon is heavily wounded.
The vampire mosquito barely misses you.
The vampire mosquito completely misses you.
The vampire mosquito bites your adder.
Your adder dies!
The vampire mosquito buzzes angrily.
The acid dragon spits acid at you. The splash of acid hits you!
* * * LOW HITPOINT WARNING * * *
You are splashed with acid!
You die...

. .. ##.
... # ###.#
##.#...#
#..ys..#
#..Dyy.#
##........
#..........
##.........
#....h....
##.......#
#.....###


You could see an acid dragon, 3 vampire mosquitoes and a jackal.

Vanquished Creatures
  Erica (D:8)
  Sigmund (D:6)
  A vampire (D:8)
  A vampire mosquito (D:11)
  An orc warrior (D:8)
  6 ice beasts
  2 sky beasts
  A phantom (D:4)
  4 black bears
  2 ogres
  4 centaurs
  A crocodile (D:7)
  2 big kobolds
  3 bullfrogs
  Blork the orc (D:4)
  A scorpion (D:7)
  7 wights
  2 crimson imps
  A centaur zombie (D:8)
  2 jellies
  7 hounds
  5 orc priests
  13 orc wizards
  A bullfrog skeleton (D:4)
  3 iguanas
  Natasha (thrice) (D:3)
  Terence (D:2)
  4 worker ants
  A hound zombie (D:7)
  Robin (D:2)
  11 gnolls
  8 adders
  2 river rats (Sewer)
  A shadow imp (D:7)
  An adder zombie (D:5)
  5 worms
  A dart slug (D:2)
  6 leopard geckos
  33 orcs
  2 ball pythons
  5 bats
  6 giant cockroaches
  17 goblins
  11 hobgoblins
  11 jackals
  8 kobolds
  4 quokkas
  6 frilled lizards
  A leopard gecko skeleton (D:8)
  8 rats
230 creatures vanquished.

Vanquished Creatures (collateral kills)
  An ogre (D:4)
  2 wights (D:6)
  A goblin (D:2)
4 creatures vanquished.

Grand Total: 234 creatures vanquished

Notes
Turn   | Place    | Note
-------+----------+-------------------------------------------
     0 | D:1      | BlueFish the Octopode Transmuter began the quest for the
                  | Orb.
     0 | D:1      | Reached XP level 1. HP: 13/13 MP: 3/3
   184 | D:1      | Reached XP level 2. HP: 18/18 MP: 3/5
   191 | D:1      | Learned a level 2 spell: Sticks to Snakes
   543 | D:1      | Reached skill level 1 in Stealth
   668 | D:2      | Found a faded altar of an unknown god.
   704 | D:2      | Reached XP level 3. HP: 19/23 MP: 3/6
   709 | D:2      | Learned a level 3 spell: Spider Form
   742 | D:2      | Noticed Robin
   774 | D:2      | Killed Robin
  1003 | D:2      | Reached XP level 4. HP: 14/28 MP: 5/7
  1329 | D:2      | Noticed Terence
  1340 | D:2      | Killed Terence
  1484 | D:2      | Reached skill level 4 in Unarmed Combat
  1547 | D:2      | Reached XP level 5. HP: 32/34 MP: 5/8
  1615 | D:2      | Reached skill level 1 in Poison Magic
  1739 | D:2      | Found a blossoming altar of Fedhas.
  1760 | D:2      | Noticed an oklob plant
  2408 | D:3      | Reached XP level 6. HP: 29/39 MP: 4/9
  2876 | D:3      | Noticed Natasha
  2879 | D:3      | Killed Natasha
  2894 | D:3      | Noticed Natasha
  2899 | D:3      | Killed Natasha
  2954 | D:3      | Noticed Natasha
  2966 | D:3      | Killed Natasha
  3532 | D:4      | Found a staircase to the Ecumenical Temple.
  3561 | D:4      | Found a glowing drain.
  3567 | Sewer    | Entered a sewer
  3583 | Sewer    | Reached XP level 7. HP: 7/45 MP: 1/11
  3884 | Sewer    | Reached skill level 5 in Unarmed Combat
  3901 | Sewer    | Found a white marble altar of Elyvilon.
  4054 | D:4      | Learned a level 5 spell: Blade Hands
  4055 | Temple   | Entered the Ecumenical Temple
  4062 | Temple   | Became a worshipper of Cheibriados the Contemplative
  4334 | D:4      | Reached skill level 1 in Invocations
  4487 | D:4      | Reached XP level 8. HP: 51/51 MP: 8/12
  4491 | D:4      | Reached * piety under Cheibriados
  4554 | D:4      | Noticed Blork the orc
  4592 | D:4      | Killed Blork the orc
  4835 | D:4      | Got a steaming long sword
  4996 | D:5      | Entered Level 5 of the Dungeon
  5210 | D:5      | Reached skill level 6 in Unarmed Combat
  5523 | D:5      | Reached ** piety under Cheibriados
  5602 | D:5      | Reached skill level 5 in Stealth
  5841 | D:6      | Noticed Sigmund
  6091 | D:5      | Reached XP level 9. HP: 38/57 MP: 7/14
  6297 | D:6      | Found a white marble altar of Elyvilon.
  6297 | D:6      | Found a faded altar of an unknown god.
  6308 | D:6      | Found a faded altar of an unknown god.
  6361 | D:6      | Found an ancient bone altar of Kikubaaqudgha.
  6363 | D:6      | Found a bloodstained altar of Trog.
  6407 | D:6      | Found Iherokuc's Gadget Shop.
  6452 | D:6      | Killed Sigmund
  6457 | D:6      | Reached skill level 7 in Unarmed Combat
  6513 | D:6      | Noticed a troll
  6514 | D:6      | Noticed a deep elf mage
  6515 | D:6      | Noticed XxsatanxX's ghost (novice MfSk)
  6569 | D:6      | Found a transporter.
  6570 | D:6      | Found a transporter.
  6892 | D:7      | Found Yveista's Jewellery Emporium.
  6929 | D:7      | Reached skill level 5 in Transmutations
  7089 | D:7      | Reached *** piety under Cheibriados
  7194 | D:7      | Found a shadowy altar of Dithmenos.
  7271 | D:7      | Found a sparkling altar of Nemelex Xobeh.
  7837 | D:8      | Reached XP level 10. HP: 59/64 MP: 12/16
  7881 | D:8      | Reached **** piety under Cheibriados
  7889 | D:8      | Reached skill level 8 in Unarmed Combat
  7889 | D:8      | Reached skill level 5 in Poison Magic
  8628 | D:8      | Reached ***** piety under Cheibriados
  8749 | D:8      | Found a burning altar of Makhleb.
  8749 | D:8      | Found an iron altar of Okawaru.
  8776 | D:8      | Noticed Erica
  8785 | D:8      | Killed Erica
  8785 | D:8      | Reached skill level 5 in Dodging
  9026 | D:8      | Found a staircase to the Lair.
  9261 | D:9      | You fall into a shaft and drop 3 floors!
  9269 | D:12     | Reached skill level 9 in Unarmed Combat
  9287 | D:12     | Noticed an eight-headed hydra
  9330 | D:11     | HP: 1/65 [acid (11)]
  9335 | D:11     | Splashed by an acid dragon's acid

Levels and vault maps discovered:
D:1:      saegor_arrival_simple_e, layout_basic
D:2:      layout_basic, tgw_fedhas, chequers_ecumenical_altar_simple,
          uniq_robin, uniq_terence
D:3:      layout_basic, minmay_misc_feat_encased, minmay_crystal_room,
          uniq_natasha
D:4:      layout_rooms, minmay_temple_entry_drinking_statues,
          gup_sewer_entry_bubbles, st_stairs_5, uniq_blork_the_orc
D:5:      layout_loops_ring, first_ration
D:6:      layout_rooms, chequers_temple_overflow_minitemple, serial_shops, shop,
          gammafunk_ghost_arena, uniq_sigmund
D:7:      layout_loops_cross, marbit_many_paths,
          nemelex_xobeh_ov_fountains_minmay, serial_shops, shop
D:8:      layout_rooms, gammafunk_temple_overflow_pools, lair_entry_dummy,
          uniq_erica
D:9:      layout_basic, gammafunk_ghost_berserking_beasts, uniq_harold
D:11:     layout_cave_pools, serial_shops, shop, uniq_grum, uniq_snorg
D:12:     layout_basic, serial_shops, nicolae_shop_window_shopping,
          kennysheep_donut, st_stairs_12
Temple:   eino_temple_lava

Skill      XL: |  1  2  3  4  5  6  7  8  9 10 |
---------------+-------------------------------+-----
Stealth        | 1 2 3 4 5 6 7 |  7.5
Unarmed Combat | 4 5 6 7 9 |  9.0
Poison Magic   | 1 2 3 4 5 |  5.5
Fighting       | 2 3 4 |  4.8
Transmutations | 3 4 5 |  5.8
Dodging        | 3 4 5 |  5.2
Spellcasting   | 3 4 |  4.4
Invocations    | 1 2 3 4 |  4.3

Action                   |  1- 3 |  4- 6 |  7- 9 | 10-12 || total
-------------------------+-------+-------+-------+-------++-------
Melee: Unarmed           |    65 |   125 |   310 |   140 ||   640
       Constrict         |    17 |    37 |    29 |     2 ||    85
       Kick              |    11 |    43 |    46 |       ||   100
       Tentacles         |     8 |    30 |    33 |     2 ||    73
       Punch             |     3 |     4 |     9 |     1 ||    17
 Cast: Beastly Appendage |    14 |    30 |    25 |     1 ||    70
       Sticks to Snakes  |     2 |     3 |     5 |     8 ||    18
       Spider Form       |       |       |    28 |    16 ||    44
       Blade Hands       |       |       |     1 |       ||     1
Invok: Bend Time         |       |       |       |     1 ||     1
  Use: Scroll            |     2 |     4 |     7 |     4 ||    17
       Potion            |       |       |       |     3 ||     3
 Stab: Sleeping          |     1 |     8 |    10 |     5 ||    24
  Eat: Chunk             |     1 |     7 |     8 |     4 ||    20
       Ration            |       |       |     1 |       ||     1
Armor: Skin              |     7 |     2 |     5 |     3 ||    17
Dodge: Dodged            |    52 |    70 |   233 |   178 ||   533

Table legend:
 A = Non-vault XP
 B = Vault XP
 C = Vault XP percentage of total XP
 D = Non-vault monster count
 E = Vault monster count
 F = Vault count percentage of total count
                 A         B        C        D         E       F
            +---------+---------+-------+---------+---------+-------
      Total |    6048 |    1467 |  19.5 |     206 |      28 |  12.0
            +---------+---------+-------+---------+---------+-------
        D:1 |      29 |       0 |   0.0 |      15 |       0 |   0.0
        D:2 |     134 |      65 |  32.7 |      23 |      11 |  32.4
        D:3 |     240 |      36 |  13.0 |      30 |       1 |   3.2
        D:4 |     740 |     100 |  11.9 |      28 |       7 |  20.0
        D:5 |     850 |       0 |   0.0 |      19 |       0 |   0.0
        D:6 |     702 |     220 |  23.9 |      16 |       1 |   5.9
        D:7 |    1141 |       0 |   0.0 |      25 |       0 |   0.0
        D:8 |    1648 |     923 |  35.9 |      42 |       1 |   2.3
        D:9 |     152 |       0 |   0.0 |       3 |       0 |   0.0
       D:11 |     232 |       0 |   0.0 |       2 |       0 |   0.0
       D:12 |     180 |       0 |   0.0 |       3 |       0 |   0.0
      Sewer |       0 |     123 | 100.0 |       0 |       7 | 100.0
            +---------+---------+-------+---------+---------+-------
